 Dungeon Crawl Stone Soup version bcrawl-1.20 (webtiles) character file.

Game seed: 1659249254276112289

3567 Mrkan the Basher (level 10, -17/66 HPs)
             Began as a Gargoyle Fighter on Jan 20, 2020.
             Was a High Priest of Ru.
             Killed from afar by Harold (27 damage)
             ... with a bolt of fire
             ... on level 9 of the Dungeon.
             The game lasted 00:20:01 (12311 turns).

Mrkan the Basher (Gargoyle Fighter)                Turns: 12311, Time: 00:20:02

Health: -17/66     AC: 24    Str: 23    XL:     10   Next: 9%
Magic:  10/10      EV:  1    Int: 10    God:    Ru [*****.]
Gold:   663        SH:  0    Dex: 10    Spells: 9/9 levels left

rFire    . . .     SeeInvis +   w - +3 eveningstar (distort)
rCold    . . .     Gourm    .   c - +0 shield
rNeg     + . .     Faith    .   o - +0 plate armour
rPois    ∞         Spirit   .   m - +0 helmet
rElec    +         Reflect  +   d - +0 cloak
rCorr    .         Harm     .   (no gloves)
MR       .....                  (no boots)
Stlth    ..........             I - +6 amulet of reflection
HPRegen  0.21/turn              q - ring of see invisible
MPRegen  0.12/turn              h - +2 ring of strength

@: overwhelmed with horror, held
A: negative energy resistance 1, electricity resistance, unbreathing,
petrification resistance, rot immunity, cowardly, reduced EV 1, inexperienced 1,
AC +7
a: Draw Out Power, Power Leap, Apocalypse, Renounce Religion


You were on level 9 of the Dungeon.
You worshipped Ru.
Ru was extremely pleased with you.
You were not hungry.

You visited 2 branches of the dungeon, and saw 10 of its levels.
You also visited: Ossuary.

You collected 663 gold pieces.

Inventory:

Hand Weapons
 w - a +3 eveningstar of distortion (weapon)
Armour
 c - a +0 shield (worn)
 d - a +0 cloak (worn)
 m - a +0 helmet (worn)
 o - a +0 plate armour (worn)
Jewellery
 h - a +2 ring of strength (right hand)
 q - a ring of see invisible (left hand)
 y - an uncursed ring of positive energy {unknown}
 I - a +6 amulet of reflection (around neck)
Wands
 C - a wand of polymorph (13)
Scrolls
 b - 6 scrolls of teleportation
 f - 3 scrolls of identify
 i - 2 scrolls of amnesia
 k - 3 scrolls of blinking
 n - 7 scrolls of remove curse
 s - 2 scrolls of enchant armour
 t - 2 scrolls of fear
 u - 5 scrolls of magic mapping
 v - a scroll of enchant weapon
 B - 2 scrolls of fog
 L - a scroll of silence
Potions
 a - 2 potions of mutation
 g - 3 potions of curing
 j - 5 potions of agility
 l - 3 potions of ambrosia
 p - 2 potions of flight
 x - a potion of resistance
 z - a potion of might
 K - a potion of lignification
Comestibles
 e - 17 rations {!d}
 A - a chunk of flesh


   Skills:
 + Level 9.4 Fighting
 * Level 11.4 Maces & Flails
 + Level 9.4 Armour
 + Level 9.4 Shields


You had 9 spell levels left.
You didn't know any spells.
Your spell library was empty.

Dungeon Overview and Level Annotations

Branches:
Dungeon (9/12)             Temple (1/1) D:4            Lair (0/6) D:8
    Orc (0/1) D:8

Altars:
Dithmenos
Elyvilon
Fedhas
Gozag
Hepliaklqana
Lugonu
Nemelex Xobeh
Qazlal
Ru
Sif Muna
Uskayaw
Wu Jian
The Shining One

Shops:
D:5 (   D:8 (   D:9 *

Annotations:
D:9 1 runed translucent door, Harold; Zawski's ghost, journeyman HuGl


Innate Abilities, Weirdness & Mutations

You are resistant to torment.
Your stone body is resilient. (AC +7)
You are immune to poison.
You resist negative energy. (rN+)
You are resistant to electric shocks. (rElec)
You can survive without breathing.
You are immune to petrification.
You are immune to rotting.
Your cowardice makes you less effective in combat with threatening monsters.
You have somewhat slow reflexes. (EV -5)
You are somewhat inexperienced. (-2 XL)


Message History

The two-headed ogre hits you with a cursed +0 giant spiked club.
* * * LOW HITPOINT WARNING * * *
You block Harold's attack.
There is an open door here.
Harold throws a throwing net.
You reflect the throwing net off an invisible shield around you!
The throwing net hits the two-headed ogre.
The two-headed ogre is caught in the net!
The two-headed ogre struggles against the net.
The two-headed ogre struggles against the net. x2
There is an open door here.
You feel a twist of horror at the sight of this foe.
Harold throws a throwing net.
The throwing net hits you.
You become entangled in the net!
Monsters!
Monsters everywhere!
You have to get out of here!
You see here a throwing net {!f}.
You tear a large gash into the net.
Harold casts a spell at you. The bolt of fire hits you!
You die...

....#.....#.###......#......###
....#.....#...###....8....###....
....#.....#.....###.....### ....
....'.....'.......#.....# ....#
....#.....#.......##...#####....#
....#.....#........#...#........#
....#.....######...##.##........'
....########...#....#_#.........#
...........#...'@...###.@.......#
...........#...#.....#..O##.##..#
...........'...#.....###'##.##..
...........##'##.....#..........
.....................#..........
.....................@O.........
....#######..........#....######
....# #..........#....# ....#
#.....######.......


You could see Harold and a two-headed ogre.

Vanquished Creatures
  A hydra (D:6)
  A centaur warrior (D:7)
  Pikel (D:8)
  2 wolf spider zombies (D:9)
  A cyclops (D:7)
  A deep elf mage (D:9)
  A centaur skeleton (D:9)
  A troll (D:7)
  A hippogriff (D:8)
  Sigmund (D:2)
  4 hogs (D:8)
  A human (D:8)
  A hungry ghost (D:7)
  6 yaks (D:8)
  2 crocodiles (D:8)
  Edmund (D:6)
  A water moccasin (D:6)
  5 orc warriors
  A phantom (D:7)
  4 sky beasts
  An ice beast (D:8)
  A black bear (D:4)
  2 ogres
  3 centaurs
  A bullfrog (D:8)
  2 elf zombies
  A big kobold (D:9)
  An elf skeleton (D:5)
  A wyvern skeleton (D:6)
  4 killer bees (D:7)
  A scorpion (D:3)
  2 howler monkeys (D:9)
  2 electric eels (D:8)
  7 crimson imps
  A jelly (D:9)
  2 human zombies
  5 centaur zombies
  2 hounds
  3 orc priests
  Crazy Yiuf (D:2)
  A human skeleton (D:5)
  11 orc wizards
  An iguana (D:7)
  13 worker ants
  An ogre zombie (Ossuary)
  A hound skeleton (D:9)
  7 mummies (Ossuary)
  Robin (D:2)
  A worker ant zombie (D:7)
  8 adders
  2 oozes
  6 adder zombies
  3 adder skeletons
  5 worms
  6 dart slugs
  7 leopard geckos
  49 orcs
  A ball python (D:3)
  2 giant cockroaches
  15 hobgoblins
  9 jackals
  10 kobolds
  7 quokkas
  8 bats
  5 frilled lizards
  A gnoll zombie (Ossuary)
  16 goblins
  3 goblin zombies (Ossuary)
  3 hobgoblin zombies (Ossuary)
  3 kobold zombies (Ossuary)
  An orc skeleton (D:5)
  An orc zombie (D:5)
  A quokka skeleton (D:4)
  2 quokka zombies (Ossuary)
  A rat (D:1)
  6 rat zombies (Ossuary)
298 creatures vanquished.

Vanquished Creatures (others)
  2 orc wizards (D:2)
  2 withered plants (D:9)
4 creatures vanquished.

Grand Total: 302 creatures vanquished

Notes
Turn   | Place    | Note
-------+----------+-------------------------------------------
     0 | D:1      | Mrkan the Gargoyle Fighter began the quest for the Orb.
     0 | D:1      | Reached XP level 1. HP: 14/14 MP: 1/1
   387 | D:1      | Reached XP level 2. HP: 9/19 MP: 2/2
   949 | D:1      | Reached XP level 3. HP: 22/23 MP: 3/3
  1389 | D:2      | Noticed Robin
  1438 | D:2      | Killed Robin
  1438 | D:2      | Reached skill level 3 in Maces & Flails
  1438 | D:2      | Reached XP level 4. HP: 9/29 MP: 4/4
  1689 | D:2      | Found a runed door.
  1750 | D:2      | Noticed Crazy Yiuf
  1754 | D:2      | Killed Crazy Yiuf
  1828 | D:2      | Noticed Sigmund
  1874 | D:2      | Found a white marble altar of Elyvilon.
  1953 | D:2      | Reached XP level 5. HP: 21/33 MP: 5/5
  1960 | D:2      | Killed Sigmund
  1960 | D:2      | Reached skill level 4 in Maces & Flails
  1960 | D:2      | Reached XP level 6. HP: 18/39 MP: 6/6
  2921 | D:3      | Noticed a sky beast
  2949 | D:3      | Killed a sky beast
  2955 | D:3      | Reached XP level 7. HP: 19/44 MP: 7/7
  3214 | D:3      | Reached skill level 5 in Maces & Flails
  3675 | D:3      | Reached skill level 5 in Armour
  3859 | D:4      | Reached skill level 5 in Fighting
  3859 | D:4      | Reached skill level 5 in Shields
  3939 | D:4      | Found a staircase to the Ecumenical Temple.
  3959 | Temple   | Entered the Ecumenical Temple
  3979 | Temple   | Became a worshipper of Ru the Awakened
  4055 | D:4      | Found an ornate altar of the Wu Jian Council.
  4315 | D:4      | Reached XP level 8. HP: 47/49 MP: 8/8
  4374 | D:4      | Found a sparkling altar of Nemelex Xobeh.
  4429 | D:4      | Reached skill level 6 in Maces & Flails
  4745 | D:5      | Entered Level 5 of the Dungeon
  4745 | D:5      | Found Tyllu's Weapon Boutique.
  5103 | D:5      | Found a sand-covered staircase.
  5119 | Ossuary  | Entered an ossuary
  5340 | Ossuary  | Reached skill level 7 in Maces & Flails
  5467 | Ossuary  | Gained mutation: Your cowardice makes you less effective in
                  | combat with threatening monsters. [Ru sacrifice]
  5467 | Ossuary  | Reached * piety under Ru
  5635 | Ossuary  | Reached XP level 9. HP: 56/56 MP: 9/9
  6690 | D:6      | Noticed Edmund
  6702 | D:6      | Killed Edmund
  6898 | D:6      | Reached skill level 8 in Maces & Flails
  7186 | D:6      | Found a corrupted altar of Lugonu.
  7196 | D:6      | Found a glowing golden altar of the Shining One.
  7396 | D:7      | Noticed a troll
  7396 | D:7      | Noticed a six-headed hydra
  7419 | D:6      | Killed a six-headed hydra
  7604 | D:7      | Killed a troll
  7604 | D:7      | Reached skill level 9 in Maces & Flails
  7604 | D:7      | Reached XP level 10. HP: 44/63 MP: 10/10
  7704 | D:7      | Got a faintly glowing hunting sling
  7755 | D:7      | Gained mutation: You have somewhat slow reflexes. (EV -5)
                  | [Ru sacrifice]
  7755 | D:7      | Reached ** piety under Ru
  7867 | D:7      | Noticed a cyclops
  7867 | D:7      | Noticed a centaur warrior
  7910 | D:7      | Killed a centaur warrior
  7920 | D:7      | Killed a cyclops
  8473 | D:8      | Noticed Pikel
  8475 | D:8      | Found Karot's Weapon Shoppe.
  8521 | D:8      | Killed Pikel
  8521 | D:8      | Reached skill level 10 in Maces & Flails
  9402 | D:8      | Reached XP level 11. HP: 69/69 MP: 11/11
  9745 | D:8      | Found a staircase to the Lair.
 10050 | D:8      | HP: 3/71 [orc priest/divine providence (14)]
 10647 | D:8      | Reached skill level 11 in Maces & Flails
 10881 | D:8      | Found a staircase to the Orcish Mines.
 11016 | D:8      | Identified a scroll of acquirement
 11409 | D:8      | Identified the ring of Suicidal Tendencies {rC- rN+ EV+3
                  | Int+7 SInv} (You acquired it on level 8 of the Dungeon)
 11418 | D:9      | Found Gozag's Platinum Reserve.
 11418 | D:9      | Found an opulent altar of Gozag.
 11433 | D:9      | Found a runed translucent door.
 11436 | D:9      | Noticed Zawski's ghost (journeyman HuGl)
 11530 | D:9      | Gained mutation: You are somewhat inexperienced. (-2 XL)
                  | [Ru sacrifice]
 11530 | D:9      | Reached XP level 10. HP: 66/66 MP: 10/10
 11530 | D:9      | Reached XP level 9. HP: 60/60 MP: 9/9
 11530 | D:9      | Reached *** piety under Ru
 11530 | D:9      | Reached **** piety under Ru
 11530 | D:9      | Reached ***** piety under Ru
 11568 | D:9      | Noticed a deep elf mage
 11576 | D:9      | Noticed a jumping spider
 11598 | D:9      | Killed a deep elf mage
 11789 | D:9      | Found a sacrificial altar of Ru.
 11823 | D:9      | Noticed a two-headed ogre
 12102 | D:9      | Reached XP level 10. HP: 62/66 MP: 10/10
 12221 | D:9      | Found a blossoming altar of Fedhas.
 12228 | D:9      | Found a shadowy altar of Dithmenos.
 12232 | D:9      | Found a hide-covered altar of Uskayaw.
 12284 | D:9      | Noticed Harold
 12311 | D:9      | Killed from afar by Harold

Skill      XL: |  1  2  3  4  5  6  7  8  9 10 11 |
---------------+----------------------------------+-----
Maces & Flails | 3 4 5 7 9 10 11 | 11.4
Armour         | 4 5 6 7 8 9 |  9.4
Shields        | 4 5 6 7 8 9 |  9.4
Fighting       | 4 5 6 7 8 9 |  9.4

Action                   |  1- 3 |  4- 6 |  7- 9 | 10-12 || total
-------------------------+-------+-------+-------+-------++-------
Melee: Flail             |   141 |   161 |   717 |       ||  1019
       Whip              |       |       |    88 |   723 ||   811
       Eveningstar       |       |       |    53 |    26 ||    79
Invok: Sacrifice Courage |       |       |     1 |       ||     1
       Sacrifice Experie |       |       |     1 |       ||     1
       Sacrifice Health  |       |       |       |     1 ||     1
  Use: Potion            |     1 |       |       |     6 ||     7
       Scroll            |       |       |    15 |     8 ||    23
 Stab: Distracted        |       |       |     1 |     2 ||     3
  Eat: Chunk             |     2 |     5 |    13 |    11 ||    31
       Ration            |       |       |     1 |     3 ||     4
Armor: Scale mail        |    21 |       |       |       ||    21
       Chain mail        |    88 |    84 |       |       ||   172
       Plate armour      |       |    56 |   486 |   347 ||   889
Dodge: Dodged            |    49 |    34 |   105 |    18 ||   206
Block: Shield            |    87 |    84 |   393 |   286 ||   850
       Reflection        |       |       |       |     3 ||     3
